 Dungeon Crawl Stone Soup version 0.17.2 (webtiles) character file.

133 ololoev the Chopper (level 4, -1/35 HPs)
             Began as a Demonspawn Fighter on June 9, 2016.
             Slain by Duvessa
             ... wielding a +0 rapier
              (6 damage)
             ... on level 4 of the Dungeon.
             The game lasted 00:02:16 (400 turns).

ololoev the Chopper (Demonspawn Fighter)             Turns: 400, Time: 00:02:16

Health: -1/35      AC: 10    Str: 17    XL:     4   Next: 93%
Magic:  4/4        EV:  8    Int:  9    God:
Gold:   95         SH:  8    Dex: 13    Spells: 0 memorised, 3 levels left

rFire  + + .     SeeInvis .     a - +0 war axe
rCold  + . .     Clarity  .     b - +0 scale mail
rNeg   . . .     SustAt   .     c - +0 shield
rPois  +         Gourm    .     j - +2 hat
rElec  +         Spirit   .     (no cloak)
rCorr  +         Warding  .     (no gloves)
rMut   .         Stasis   .     d - +0 pair of boots
MR     .....                    (no amulet)
Stlth  ..........               (no ring)
                                (no ring)

@: resistant, not resistant to hostile enchantments, extremely unstealthy
A: repulsion field 1, fire resistance 1
a: no special abilities


Innate Abilities, Weirdness & Mutations

You are surrounded by a mild repulsion field (EV +2).
Your flesh is heat resistant.

Inventory:

Hand Weapons
 a - a +0 war axe (weapon)
Armour
 b - a +0 scale mail (worn)
 c - a +0 shield (worn)
 d - a +0 pair of boots (worn)
 j - a +2 hat (worn)
Wands
 g - a wand of polymorph (12)
Scrolls
 f - a scroll of teleportation {unknown}
 h - 2 scrolls of identify {unknown}
Comestibles
 e - 3 bread rations


   Skills:
 - Level 3.0 Fighting
 * Level 3.9 Axes
 + Level 3.6 Armour
 - Level 2.6 Shields


You had 3 spell levels left.
You didn't know any spells.


You were on level 4 of the Dungeon.
You were not hungry.

You visited 1 branch of the dungeon, and saw 4 of its levels.

You collected 95 gold pieces.

..# ......##### ...
..)...##...##.##
.§....#.8.8.#.#.
......#.._..#.#.
......#.8...#.#.
......##...'#.#'
###.e..#..#####...#
#e@....#........⌠..
#.##.####.#####...#
######.# #
#...'#.#' #.†.##.##
#.8...#.#.
#.###..(#
#.._..#.#. #.#
#.⌠.# #.8.8.#.#.
#####.# #...#
##...##.## #.....#
##.## ########...#
#.###.# #.#
..(.........

Notes
Turn   | Place    | Note
--------------------------------------------------------------
     0 | D:1      | ololoev the Demonspawn Fighter began the quest for the Orb.
     0 | D:1      | Reached XP level 1. HP: 18/18 MP: 1/1
   120 | D:4      | Gained mutation: Your flesh is heat resistant. [demonic ancestry]
   120 | D:4      | Reached XP level 2. HP: 20/24 MP: 2/2
   156 | D:4      | Found a blossoming altar of Fedhas.
   160 | D:4      | Found a basalt altar of Yredelemnul.
   163 | D:4      | Found a glowing golden altar of the Shining One.
   166 | D:4      | Found a shimmering altar of Xom.
   234 | D:3      | Noticed an ogre
   240 | D:3      | Killed an ogre
   240 | D:3      | Reached XP level 3. HP: 22/29 MP: 3/3
   240 | D:3      | Gained mutation: You are surrounded by a mild repulsion field (EV +2). [demonic ancestry]
   240 | D:3      | Reached XP level 4. HP: 26/35 MP: 4/4
   306 | D:4      | Found a white marble altar of Elyvilon.
   311 | D:4      | Noticed a worker ant
   324 | D:4      | Killed a worker ant
   378 | D:4      | Noticed Duvessa
   378 | D:4      | Noticed Dowan
   400 | D:4      | Slain by Duvessa

Dungeon Overview and Level Annotations

Branches:
Dungeon (4/15)
 Temple: D:4-7

Altars:
Elyvilon
Fedhas
Xom
Yredelemnul
The Shining One

Annotations:
D:4 Dowan, Duvessa


Message History

Dowan drinks a potion.
Dowan is healed!
Duvessa hits you with a rapier. You block Dowan's attack.
Unknown command.
You hit Duvessa but do no damage.
Duvessa is severely wounded.
You closely miss Dowan.
Dowan is moderately wounded.
Duvessa closely misses you. Dowan hits you but does no damage.
Unknown command.
You hit Dowan but do no damage.
Dowan is moderately wounded.
You hit Duvessa but do no damage.
Duvessa is severely wounded.
Duvessa says, "My weaknesses are his strengths!"
Duvessa hits you but does no damage. Dowan hits you but does no damage.
Duvessa hits you with a rapier. Dowan hits you with a dagger.
Your scale mail prevents you from hitting Dowan.
Dowan is moderately wounded.
You barely miss Duvessa.
Duvessa is severely wounded.
Duvessa hits you but does no damage. You block Dowan's attack.
Unknown command.
You hit Dowan but do no damage.
Dowan is moderately wounded.
You closely miss Duvessa.
Duvessa is severely wounded.
You block Dowan's attack. You block Duvessa's attack.
Dowan mumbles some strange words.
Dowan blinks!
You closely miss Duvessa.
Duvessa is severely wounded.
Duvessa hits you but does no damage.
Dowan says, "Magic and the sword, together, will defeat you."
Dowan casts a spell.
Dowan blinks!
You block Duvessa's attack.
Unknown command.
Your shield prevents you from hitting Duvessa.
Duvessa is severely wounded.
Duvessa hits you with a rapier.
You die...

You could see Duvessa and Dowan.

Vanquished Creatures
  An ogre (D:3)
  A worker ant (D:4)
  An adder skeleton (D:4)
  2 giant cockroaches (D:2)
  A hobgoblin (D:2)
  2 quokkas
  A ball python (D:4)
  2 bats (D:3)
  2 rats
13 creatures vanquished.

Action                   |  1- 3 |  4- 6 || total
-------------------------+-------+-------++-------
Melee: War axe           |    16 |    56 ||    72
Evoke: Wand              |     1 |       ||     1
  Use: Potion            |     1 |     2 ||     3

Vault maps used:
D:1:      lemuel_arrival_hallway, kennysheep_flooded_box, minivault_27
D:3:      lemuel_doored_altar
D:4:      elyvilon_altar_1, grunt_temple_overflow_cloverleaf, glass_columns_c,
          uniq_duvessa
